 Dungeon Crawl Stone Soup version 0.24-a0-264-gf46a388 (webtiles) character file.

Game seed: 10557125882304023393

110 FlareUmbra the Chiller (level 4, 0/31 HPs)
             Began as a Merfolk Ice Elementalist on Apr 20, 2019.
             Slain by a worm (7 damage)
             ... while paralysed by Ijyb
             ... on level 3 of the Dungeon.
             The game lasted 00:21:13 (2437 turns).

FlareUmbra the Chiller (Merfolk Ice Elementalist)   Turns: 2437, Time: 00:21:13

Health: 0/31       AC:  5    Str:  8    XL:     4   Next: 91%
Magic:  2/8        EV:  2    Int: 15    God:
Gold:   168        SH:  0    Dex: 14    Spells: 7/8 levels left

rFire    + . .     SeeInvis .   w - +1 dagger (speed)
rCold    x . .     Gourm    .   (no shield)
rNeg     . . .     Faith    .   v - +0 leather armour
rPois    .         Spirit   .   (no helmet)
rElec    .         Reflect  .   k - +0 cloak (curse)
rCorr    .         Harm     +   j - +0 pair of gloves
MR       .....                  (no boots)
Stlth    ++........             f - amulet of harm
HPRegen  0.10/turn              o - ring of fire
MPRegen  0.11/turn              (no ring)

@: paralysed
A: change form in water, swift swim, stealthy swim
a: no special abilities


You were on level 3 of the Dungeon.
You were hungry.

You visited 1 branch of the dungeon, and saw 3 of its levels.

You collected 168 gold pieces.

Inventory:

Hand Weapons
 l - a +0 dagger
 w - a +1 dagger of speed (weapon)
Armour
 a - a +0 robe
 j - a +0 pair of gloves (worn)
 k - a cursed +0 cloak (worn)
 v - a +0 leather armour (worn)
Jewellery
 f - an amulet of harm (around neck)
 o - a ring of fire (left hand)
 q - an uncursed ring of fire
Scrolls
 b - 9 scrolls of identify {unknown}
 g - 2 scrolls of immolation {unknown}
 h - 4 scrolls of teleportation {unknown}
 i - 2 scrolls of remove curse {unknown}
 m - a scroll of fear {unknown}
 p - 2 scrolls of amnesia {unknown}
 t - 3 scrolls of magic mapping {unknown}
Potions
 d - 2 potions of curing
 e - a potion of mutation {unknown}
 n - a potion of flight {unknown}
 r - a potion of haste {unknown}
 s - a potion of lignification {unknown}
 u - a potion of resistance {unknown}
 x - a potion of heal wounds {unknown}
Comestibles
 c - 4 rations


   Skills:
 + Level 0.3 Fighting
 + Level 0.9 Short Blades
 + Level 0.2 Armour
 + Level 3.4 Dodging
 + Level 2.8 Stealth
 + Level 2.8 Spellcasting
   Level 0.7 Conjurations
 + Level 4.4 Ice Magic


You had 7 spell levels left.
You knew the following spells:

 Your Spells              Type           Power        Failure   Level  Hunger
a - Freeze                Ice            ###.         4%          1    #......

Your spell library contained the following spells:

 Spells                   Type           Power        Failure   Level  Hunger
 Throw Frost              Conj/Ice       #.....       16%         2    ##.....
 Ozocubu's Armour         Chrm/Ice       #.......     34%         3    ###....
 Throw Icicle             Conj/Ice       #.......     69%         4    #####..
 Summon Ice Beast         Ice/Summ       #.......     75%         4    #####..


Dungeon Overview and Level Annotations

Branches:
Dungeon (3/15)

Altars:
Ashenzari
Okawaru
Qazlal

Annotations:
D:3 Ijyb


Message History

You kill the kobold!
A worm comes into view.
The worm moves out of view.
Things that are here:
a +0 dagger; a kobold corpse
There is an iron altar of Okawaru here.
You kneel at the altar of Okawaru.
Things that are here:
a +0 dagger; a kobold corpse Your legs become a tail as you enter the water.
Things that are here:
a +0 spear; a goblin corpse Your legs become a tail as you enter the water.
Ijyb the Twisted Goblin comes into view.
She is wielding a +0 dagger of venom and carrying a wand of paralysis (12).
Ijyb shouts!
The worm misses you.
Ijyb zaps a wand.
You suddenly lose the ability to move!
Found a stone staircase leading down.
The worm bites you!
* * * LOW HITPOINT WARNING * * *
The worm bites you.
You die...

#. #. #.######## ##
........# .. .....>..#
#.##....g..#
#..w........
#####@#######
##.....≈)≈...#
##......≈≈≈.8.#
#.........)8_8#
#.......≈≈≈.8.#
#.#.....≈)≈...#
#.....†.########
#############.........#
#........# #.#########


You could see Ijyb and a worm.

Vanquished Creatures
  4 adders
  An ooze (D:3)
  A worm (D:2)
  4 leopard geckos
  An orc (D:2)
  2 ball pythons
  8 bats
  4 giant cockroaches (D:1)
  7 goblins
  7 hobgoblins
  4 jackals
  6 kobolds
  A quokka (D:1)
  5 rats
55 creatures vanquished.

Vanquished Creatures (others)
  A rat (D:2)
1 creature vanquished.

Grand Total: 56 creatures vanquished

Notes
Turn   | Place    | Note
-------+----------+-------------------------------------------
     0 | D:1      | FlareUmbra the Merfolk Ice Elementalist began the quest for
                  | the Orb.
     0 | D:1      | Reached XP level 1. HP: 13/13 MP: 3/3
   166 | D:1      | Reached XP level 2. HP: 19/19 MP: 3/5
  1043 | D:2      | Reached skill level 4 in Ice Magic
  1043 | D:2      | Reached XP level 3. HP: 22/24 MP: 3/6
  1138 | D:2      | Found a shattered altar of Ashenzari.
  1158 | D:2      | Reached XP level 4. HP: 11/30 MP: 2/7
  1592 | D:2      | Found a stormy altar of Qazlal.
  2391 | D:3      | Found an iron altar of Okawaru.
  2434 | D:3      | Noticed Ijyb
  2434 | D:3      | Paralysed by Ijyb for 7 turns
  2437 | D:3      | Slain by a worm

Levels and vault maps discovered:
D:1:      giann_bridges, layout_basic, minmay_worlds_worst_comb
D:2:      layout_basic, ashenzari_altar_1, grunt_qazlal_clouds
D:3:      layout_basic, kennysheep_okawaru_gauntlet, first_ration, uniq_robin,
          uniq_ijyb

Skill      XL: |  1  2 |
---------------+-------+-----
Dodging        | 3 |  3.4
Ice Magic      | 4 |  4.4
Fighting       | |  0.3
Short Blades   | |  0.9
Armour         | |  0.2
Stealth        | |  2.8
Spellcasting   | |  2.8
Conjurations   | |  0.7

Action                   |  1- 3 |  4- 6 || total
-------------------------+-------+-------++-------
Melee: Unarmed           |    12 |       ||    12
       Tailslap          |     1 |     2 ||     3
       Dagger            |    23 |    39 ||    62
 Cast: Freeze            |    38 |    32 ||    70
 Stab: Sleeping          |     5 |     4 ||     9
  Eat: Chunk             |     1 |     4 ||     5
Armor: Robe              |    28 |     2 ||    30
       Leather armour    |       |    11 ||    11
Dodge: Dodged            |    69 |    47 ||   116

Table legend:
 A = Non-vault XP
 B = Vault XP
 C = Vault XP percentage of total XP
 D = Non-vault monster count
 E = Vault monster count
 F = Vault count percentage of total count
                 A         B        C        D         E       F
            +---------+---------+-------+---------+---------+-------
      Total |     146 |      12 |   7.6 |      49 |       6 |  10.9
            +---------+---------+-------+---------+---------+-------
        D:1 |      40 |       8 |  16.7 |      16 |       4 |  20.0
        D:2 |      75 |       0 |   0.0 |      25 |       0 |   0.0
        D:3 |      31 |       4 |  11.4 |       8 |       2 |  20.0
            +---------+---------+-------+---------+---------+-------
